 Dungeon Crawl Stone Soup version 0.30.1-11-g7821555f0a (webtiles) character file.

Game seed: 9891999865564249278

41 caec the Insei (level 3, 0/29 HPs)
             Began as a Draconian Transmuter on Dec 21, 2023.
             Succumbed to a goblin's poison
             ... on level 2 of the Dungeon.
             The game lasted 00:03:23 (978 turns).

caec the Insei (Draconian Transmuter)                Turns: 978, Time: 00:03:24

Health: 0/29       AC:  5    Str: 12    XL:     3   Next: 32%
Magic:  5/6        EV: 13    Int: 13    God:
Gold:   79         SH:  0    Dex: 19    Spells: 3/6 levels left

rFire   . .          .
                       - Unarmed
rCold   . . .        (no shield)
rNeg    . . .        (body armour unavailable)
rPois   .            (helmet currently unavailable)
rElec   .            (no cloak)
rCorr   .            (no gloves)
SInv    .            (boots currently unavailable)
Will    .....        g - amulet of magic regeneration
Stlth   ++           b - +6 ring of dexterity
HPRegen 0.24/turn    (no ring)
MPRegen 0.50/turn

%: no passive effects
@: lethally poisoned (0 -> -18), appendages (expiring), wereblooded, very
slightly contaminated
A: horns 2, talons 2, AC +5, unfitting armour, cold-blooded
a: End Transformation


You were on level 2 of the Dungeon.
You had temporarily grown beastly horns and talons.
You visited 1 branch of the dungeon, and saw 2 of its levels.

You collected 79 gold pieces.

Inventory:

Jewellery
 b - a +6 ring of dexterity (left hand)
 g - an amulet of magic regeneration (around neck)
Potions
 a - a potion of lignification
 d - a potion of degeneration {unknown}
 e - a potion of curing {unknown}
 h - a potion of heal wounds {unknown}
 j - 2 potions of ambrosia {unknown}


   Skills:
 + Level 1.9 Fighting
 + Level 2.2 Dodging
 + Level 3.3 Unarmed Combat
 + Level 2.3 Spellcasting
 + Level 2.4 Transmutations


You had 3 spell levels left.
You knew the following spells:

 Your Spells              Type           Power      Damage    Failure   Level
a - Beastly Appendage     Tmut           14%        N/A       10%         1
b - Wereblood             Tmut           7%         N/A       14%         2

Your spell library contained the following spells:

 Spells                   Type           Power      Damage    Failure   Level
 Sting                    Tmut/Pois      16%        1d3       16%         1
 Kiss of Death            Conj/Necr      4%         2d5       24%         1
 Lesser Beckoning         Tloc           2%         N/A       36%         2
 Static Discharge         Conj/Air       2%         2-3/arc   36%         2
 Spider Form              Tmut/Pois      4%         N/A       41%         3
 Confusing Touch          Hex            1%         N/A       58%         3
 Gell's Gravitas          Tloc           1%         N/A       58%         3
 Teleport Other           Tloc           1%         N/A       58%         3
 Ice Form                 Ice/Tmut       4%         N/A       83%         4
 Dispel Undead            Necr           1%         3d6       94%         4
 Olgreb's Toxic Radiance  Pois           1%         N/A       94%         4
 Maxwell's Capacitive Co  Air            0%         ∞         100%        8


Dungeon Overview and Level Annotations

Branches:
Dungeon (2/15)

Altars:

Shops:
D:1 [*(((   D:2 (


Innate Abilities, Weirdness & Mutations

You have temporarily grown beastly horns and talons.
Your plain brown scales are hard. (AC +5)
You cannot fit into any form of body armour.
You are cold-blooded and may be slowed by cold attacks.


Message History

You kill the kobold!
Casting: Beastly Appendage (safe; 10% risk of failure)
Confirm with . or Enter, or press ? or * to list all spells.
You miscast Wereblood.
You are very lightly contaminated with residual magic.
Nothing appears to happen.
You punch the ball python!
You kill the ball python!
The goblin barely misses you.
You barely miss the jackal.
Your tail-slap misses the jackal.
Your transformation is almost over.
The jackal bites you but does no damage.
The goblin hits you with a +1 dagger of venom.
You are poisoned.
The jackal closely misses you.
You barely miss the jackal. Your headbutt misses the jackal.
You feel very sick.
The jackal bites you but does no damage.
The goblin hits you with a +1 dagger of venom.
Casting: Wereblood (safe; 14% risk of failure)
Confirm with . or Enter, or press ? or * to list all spells.
Your blood is infused with primal strength.
You feel very sick. The jackal bites you.
The goblin hits you but does no damage.
You are more poisoned.
You hit the jackal but do no damage. You claw the jackal, but do no damage.
Your tail-slap misses the jackal.
You feel very sick. The jackal barely misses you.
The goblin hits you but does no damage.
You are lethally poisoned!
The jackal bites you. The jackal attacks as you move away!
The jackal bites you.
* * * LOW HITPOINT WARNING * * *
The goblin attacks as you move away! The goblin misses you.
* * * LOW HITPOINT WARNING * * *
You feel very sick.
You barely miss the jackal. You headbutt the jackal.
You tail-slap the jackal, but do no damage.
The jackal is moderately wounded.
You die...

........# #..
........# #.#
........# #.#
........# #.#. ......#
#.#. ##### ...l#
#.#.## #..... #hg#
#.#..# #..... #h#
##.##.# #.....
#@###..##.# #.....
...##..#..###.###.....
#.............##.....
#######.###..........
#...#...........
......[....).∩...
..................
###................
##...#..........#


You could see 2 jackals, a goblin and a frilled lizard.

Vanquished Creatures
  A worm (D:2)
  A ball python (D:2)
  3 bats
  3 endoplasms
  2 giant cockroaches
  6 goblins
  A hobgoblin (D:2)
  4 kobolds
  4 quokkas
  4 frilled lizards
  5 rats
34 creatures vanquished.

Notes
Turn   | Place    | Note
-------+----------+-------------------------------------------
     0 | D:1      | caec the Draconian Transmuter began the quest for the Orb.
     0 | D:1      | Reached XP level 1. HP: 16/16 MP: 3/3
    93 | D:1      | Found Yguniaff's Antique Weapon Emporium.
   122 | D:1      | Found Lasius's Armour Emporium.
   142 | D:1      | Reached XP level 2. HP: 23/23 MP: 3/5
   372 | D:1      | Found Kigoh's Weapon Shoppe.
   524 | D:1      | Found Asoo's Assorted Antiques.
   735 | D:1      | Found Wauhen's Antique Weapon Emporium.
   746 | D:1      | Learned a level 2 spell: Wereblood
   859 | D:2      | Reached XP level 3. HP: 29/29 MP: 6/6
   871 | D:2      | Got the Tome of the Squall and the Snake
   896 | D:2      | Found Dis Fath's Weapon Emporium.
   978 | D:2      | Succumbed to a goblin's poison

Illustrated notes

Levels and vault maps discovered:
D:1:      dpeg_arrival_round_c, layout_loops_cross, serial_shops, shop,
          shop_statue, shop, nicolae_shop_rolling_square,
          nicolae_shop_real_fake_doors, minmay_misc_feat_more_columns
D:2:      layout_rooms, serial_shops, shop

Skill      XL: |  1  2 |
---------------+-------+-----
Dodging        | 2 |  2.2
Fighting       | |  1.9
Unarmed Combat | |  3.3
Spellcasting   | |  2.3
Transmutations | |  2.4

Action                     || total
---------------------------++-------
  Melee: Unarmed           ||    67
         Kick              ||    17
         Headbutt          ||     7
         Tailslap          ||     6
   Cast: Beastly Appendage ||    21
         Wereblood         ||     3
    Use: Scroll            ||     3
   Stab: Sleeping          ||     4
 Armour: Skin              ||    20
  Dodge: Dodged            ||    33
